 Dungeon Crawl Stone Soup version 0.22-a0-351-g29664b4 (webtiles) character file.

97 tilp the Chiller (level 4, -16/30 HPs)
             Began as a Merfolk Ice Elementalist on Apr 12, 2018.
             Demolished by an ogre
             ... wielding a +0 giant spiked club
              (30 damage)
             ... on level 4 of the Dungeon on Apr 13, 2018.
             The game lasted 00:12:21 (4019 turns).

tilp the Chiller (Merfolk Ice Elementalist)         Turns: 4019, Time: 00:12:23

Health: -16/30     AC:  7    Str:  8    XL:     4   Next: 68%
Magic:  1/7        EV: 13    Int: 15    God:
Gold:   115        SH:  0    Dex: 14    Spells: 1/7 levels left

rFire    . . .     SeeInvis .   p - -2 hunting sling (curse)
rCold    . . .     Gourm    .   (no shield)
rNeg     . . .     Faith    .   a - +0 robe
rPois    .         Spirit   .   (no helmet)
rElec    .         Reflect  .   (no cloak)
rCorr    .         Harm     .   (no gloves)
MR       .....                  (no boots)
Stlth    ++........             (no amulet)
HPRegen  0.10/turn              (no ring)
MPRegen  0.10/turn              (no ring)

@: icy armour
A: change form in water, swift swim, stealthy swim
a: no special abilities


You were on level 4 of the Dungeon.
You were not hungry.

You visited 2 branches of the dungeon, and saw 6 of its levels.

You collected 115 gold pieces.

Inventory:

Hand Weapons
 b - a +0 dagger
 p - a cursed -2 hunting sling (weapon)
 q - a +0 spear
Missiles
 h - 84 stones (quivered)
Armour
 a - a +0 robe (worn)
 j - a cursed +0 scale mail
Jewellery
 e - a +3 ring of intelligence {unknown}
Scrolls
 f - a scroll of fear {unknown}
 g - 3 scrolls of teleportation
 k - 2 scrolls of magic mapping
 m - 2 scrolls of enchant armour
 o - a scroll of enchant weapon {unknown}
Potions
 d - a potion of curing {unknown}
 i - a potion of heal wounds {unknown}
 n - 2 potions of brilliance {unknown}
Comestibles
 c - 12 rations
 l - 2 chunks of flesh


   Skills:
 - Level 2.6 Dodging
 - Level 2.1 Stealth
 - Level 2.0 Spellcasting
 - Level 0.7 Conjurations
 + Level 5.8 Ice Magic


You had one spell level left.
You knew the following spells:

 Your Spells              Type           Power        Failure   Level  Hunger
a - Freeze                Ice            ###.         1%          1    #......
b - Throw Frost           Conj/Ice       ##....       9%          2    ###....
c - Ozocubu's Armour      Chrm/Ice       ##......     21%         3    ###....


Dungeon Overview and Level Annotations

Branches:
Dungeon (5/15)             Temple (1/1) D:5

Altars:
Ashenzari
Elyvilon
Gozag
Hepliaklqana
Kikubaaqudgha
Nemelex Xobeh
Okawaru
Sif Muna
Wu Jian
Xom
Zin

Annotations:
D:5 Grinder


Message History

You freeze the ogre.
The ogre is moderately wounded.
The ogre closely misses you.
Casting: Freeze (safe; 1% risk of failure)
Confirm with . or Enter, or press ? or * to list all spells.
Aiming: Freeze (safe; 1% risk of failure)
Press: ? - help, Shift-Dir - straight line, f/p - ogre
Aim: an ogre, wielding a giant spiked club (moderately wounded)
You freeze the ogre.
The ogre is moderately wounded.
Casting: Freeze (safe; 1% risk of failure)
Confirm with . or Enter, or press ? or * to list all spells.
Aiming: Freeze (safe; 1% risk of failure)
Press: ? - help, Shift-Dir - straight line, f/p - ogre
Aim: an ogre, wielding a giant spiked club (moderately wounded)
You freeze the ogre.
The ogre is heavily wounded.
The ogre hits you with a giant spiked club!!
Ouch! That really hurt!
You die...

###+#.# ##.#.###.
.# #..>...#. .#
#.##.#.#. .# #.
#.#.#. .# #.
#.#.#. .# #.
#.#.#.#.# #.
#.#.#.#.##########
#.
#.#.##...@O......#
#.
#.......####.#####
#.#.##<#####.#
###..........#
........#######
#########


You could see an ogre.

Vanquished Creatures
  An orc priest (D:2)
  2 worms (D:2)
  2 dart slugs (D:2)
  A leopard gecko (D:1)
  5 orcs
  4 bats (D:1)
  4 giant cockroaches
  2 hobgoblins
  6 jackals (D:1)
  2 quokkas (D:2)
  3 frilled lizards (D:2)
  7 goblins
  5 kobolds
  5 rats
49 creatures vanquished.

Vanquished Creatures (others)
  5 dream sheep (D:5)
5 creatures vanquished.

Grand Total: 54 creatures vanquished

Notes
Turn   | Place    | Note
-------+----------+-------------------------------------------
     0 | D:1      | tilp the Merfolk Ice Elementalist began the quest for the Orb.
     0 | D:1      | Reached XP level 1. HP: 13/13 MP: 3/3
   266 | D:1      | Reached XP level 2. HP: 19/19 MP: 1/5
   273 | D:1      | Learned a level 2 spell: Throw Frost
   435 | D:1      | Reached skill level 4 in Ice Magic
  1021 | D:1      | Reached XP level 3. HP: 21/24 MP: 1/6
  1026 | D:1      | Learned a level 3 spell: Ozocubu's Armour
  1553 | D:2      | Found an ornate altar of the Wu Jian Council.
  1553 | D:2      | Found a shimmering altar of Xom.
  2285 | D:2      | Reached skill level 5 in Ice Magic
  2425 | D:2      | Reached XP level 4. HP: 30/30 MP: 0/7
  3389 | D:3      | You fall through a shaft for 2 floors!
  3389 | D:5      | Entered Level 5 of the Dungeon
  3389 | D:5      | Found a staircase to the Ecumenical Temple.
  3393 | Temple   | Entered the Ecumenical Temple
  3725 | D:5      | Noticed an ogre
  3835 | D:5      | Noticed a dream sheep
  3835 | D:5      | Noticed a dream sheep
  3835 | D:5      | Noticed a dream sheep
  3835 | D:5      | Noticed a dream sheep
  3835 | D:5      | Noticed a dream sheep
  3835 | D:5      | Found a shimmering altar of Xom.
  3840 | D:5      | Killed a dream sheep
  3840 | D:5      | Killed a dream sheep
  3840 | D:5      | Killed a dream sheep
  3840 | D:5      | Killed a dream sheep
  3840 | D:5      | Killed a dream sheep
  3922 | D:5      | Noticed a centaur
  3954 | D:5      | Noticed Grinder
  4001 | D:4      | Noticed an ogre
  4019 | D:4      | Demolished by an ogre

Vault maps used:
D:1:      dpeg_arrival_boxorama
D:2:      cheibrodos_pilgrimage, grunt_temple_overflow_open
D:3:      minmay_misc_feat_hallway
D:4:      saegor_snake_ambush
D:5:      yredelemnul_altar_generic, minmay_temple_entry_purple_smoke,
          first_ration, kb_xom_exploding_sheep, uniq_grinder, uniq_eustachio,
          uniq_blork_the_orc
Temple:   compressed_dpeg_triangle_lava_temple

Skill      XL: |  1  2  3 |
---------------+----------+-----
Ice Magic      | 4 5 |  5.8
Dodging        | |  2.6
Stealth        | |  2.1
Spellcasting   | |  2.0
Conjurations   | |  0.7

Action                   |  1- 3 |  4- 6 || total
-------------------------+-------+-------++-------
Melee: Dagger            |    25 |    12 ||    37
Throw: Stone             |    28 |    11 ||    39
 Cast: Freeze            |    53 |    20 ||    73
       Ozocubu's Armour  |     3 |     4 ||     7
       Throw Frost       |     1 |     1 ||     2
  Use: Scroll            |       |     5 ||     5
 Stab: Sleeping          |       |     5 ||     5
  Eat: Chunk             |     5 |     7 ||    12
Armor: Robe              |    12 |     3 ||    15
Dodge: Dodged            |    38 |     8 ||    46

Table legend:
 A = Spawn XP
 B = Non-spawn XP
 C = Spawn XP percentage of total XP
 D = Spawn monster count
 E = Non-spawn monster count
 F = Spawn count percentage of total count
 G = Total turns spent on level
                    A         B        C        D         E        F      G
               +---------+---------+-------+---------+---------+-------+---------
         Total |       0 |     139 |   0.0 |       0 |      49 |   0.0 |  4019
               +---------+---------+-------+---------+---------+-------+---------
           D:1 |       0 |      36 |   0.0 |       0 |      20 |   0.0 |  1286
           D:2 |       0 |      93 |   0.0 |       0 |      24 |   0.0 |  2045
           D:3 |       0 |       5 |   0.0 |       0 |       3 |   0.0 |    58
           D:4 |       0 |       5 |   0.0 |       0 |       2 |   0.0 |    61
               +---------+---------+-------+---------+---------+-------+---------
